noty, neutral male scurrid Tourist --- t@A cAH H q g noty the Rambler Experience level: 1 Strength: 7 Dexterity: 12 Constitution: 14 Intelligence: 13 Wisdom: 12 Charisma: 17 Health: 0(9) Energy: 2(2) Def: 0 Gold: 299 Moves: 54 Dungeon seed: ffKH5mCUR2yjjFjY Game ID: noty_1498606581 Your Inventory: Coins $ - 299 gold pieces Weapons a - 41 uncursed +2 darts (in quiver) Armor e - an uncursed +0 Hawaiian shirt (being worn) Comestibles b - 3 uncursed candy bars c - 5 uncursed food rations d - an uncursed tripe ration f - an uncursed egg g - an uncursed tin of lichen h - an uncursed cream pie Scrolls j - 3 uncursed scrolls of magic mapping k - a blessed scroll of magic mapping p - an uncursed scroll of scare monster Potions i - 2 uncursed potions of extra healing Wands n - an uncursed wand of secret door detection (0:15) Tools l - an uncursed expensive camera (0:48) m - an uncursed credit card o - an uncursed towel Spells and supernatural/magical abilities: Name Level Category Fail Memory W - pray for help -- divine ? -- Your skills at the end: Miscellaneous Skills wands [Basic] Weapon Skills dart [Basic] Spellcasting Skills Final Attributes: You were devoutly aligned. You had infravision. You were very stealthy. You are dead. Voluntary challenges: You went without food. You did not adorn yourself with jewelry or accessories. You did not cause conflict. You were not invisible. You did not have reflection. You were not displaced. You were an atheist. You never hit with a wielded weapon. You were a pacifist. You did not use tools. You did not use plumbed fixtures. You did not drink any magical draughts. You were illiterate. You never genocided any monsters. You never polymorphed an object. You never changed form. You used no wishes. You never split a pudding. You never wrote Elbereth's name. You never violated your personal moral code. Dungeon overview: The Dungeons of Doom: levels 1 to 22 Level 1 a long staircase Level 2 Level 3 Level 4 Level 5 Level 6 a hardware shop Level 7 Level 8 Level 9 Level 10 Level 11 Level 12 Level 13 Level 14 Level 15 Level 16 Level 17 Level 18 Level 19 Level 20 Level 21 a sink Level 22 <- You were here History has recorded: On T:1 you entered the Dungeons of Doom to retrieve the Amulet of Yendor! On T:4 you reached level 2 of The Dungeons of Doom. On T:7 you reached level 3 of The Dungeons of Doom. On T:9 you reached level 4 of The Dungeons of Doom. On T:11 you reached level 5 of The Dungeons of Doom. On T:13 you reached level 6 of The Dungeons of Doom. On T:16 you reached level 7 of The Dungeons of Doom. On T:18 you reached level 8 of The Dungeons of Doom. On T:20 you reached level 9 of The Dungeons of Doom. On T:22 you reached level 10 of The Dungeons of Doom. On T:26 you reached level 11 of The Dungeons of Doom. On T:28 you reached level 12 of The Dungeons of Doom. On T:31 you reached level 13 of The Dungeons of Doom. On T:34 you reached level 14 of The Dungeons of Doom. On T:36 you reached level 15 of The Dungeons of Doom. On T:38 you reached level 16 of The Dungeons of Doom. On T:40 you reached level 17 of The Dungeons of Doom. On T:40 you entered the Rogue tribute level. On T:43 you reached level 18 of The Dungeons of Doom. On T:46 you reached level 19 of The Dungeons of Doom. On T:49 you reached level 20 of The Dungeons of Doom. On T:51 you reached level 21 of The Dungeons of Doom. On T:53 you reached level 22 of The Dungeons of Doom. Score breakdown: Gold: 0 ( 0 points) Experience: 1 level ( 0 points) Exploration: 22 levels ( 630 points) Discoveries: 2 items ( 100 points) Variety of kills: 0 monsters ( 0 points) Major goal: (nothing yet) ( 0 points) Survival: died (score multiplied by 3) Total score: 2190 Latest messages: You fall through... You start digging downward. You continue digging downward. You dig a pit in the floor. You continue digging downward. You dig a hole through the floor. You fall through... You start digging downward. You continue digging downward. You dig a pit in the floor. You continue digging downward. You dig a hole through the floor. You fall through... The titan drinks a dark green potion! The titan is suddenly moving faster. The titan casts a spell! Monsters suddenly arrive from nowhere! Monsters appear from nowhere! That command is only available in debug mode. You claw the fire giant. The couatl bites! The couatl's bite was poisoned! You die... Final status: Aloha noty the Tourist, poisoned by a couatl... You died in The Dungeons of Doom on dungeon level 22 with 2190 points, and 299 pieces of gold, after 54 moves. You were level 1 with a maximum of 9 hit points when you died.